Description

zvt

Replay - ByuN v Serral: Game 1 - [ESL] Hard Lead

Build Order

Get SALT Encoding   

  12  0:00  Drone  
  13  0:12  Overlord  
  13  0:16  Drone  
  14  0:30  Drone x2  
  16  0:47  Hatchery  
  16  0:50  Drone x2  
  18  0:57  Drone  
  18  1:07  Extractor  
  17  1:12  Spawning Pool  
  17  1:15  Drone x2  
  18  1:27  Drone  
  21  1:59  Queen x2  
  21  2:00  Zergling x4  
  27  2:10  Overlord  
  28  2:26  Hatchery  
  31  2:37  Queen  
  33  2:45  Overlord  
  36  3:03  Queen  
  36  3:04  Overlord  
  42  3:13  Queen  
  44  3:22  Roach Warren  
  46  3:32  Overlord  
  50  3:42  Queen  
  55  4:04  Roach x4  
  55  4:09  Extractor  
  62  4:16  Roach x2  
  66  4:22  Roach x4  
  76  4:35  Extractor  
  77  4:39  Queen  
  97  5:13  Lair  
  98  5:15  Extractor x2  
  98  5:17  Evolution Chamber  
  96  5:26  Zergling x2  
  106  5:37  Metabolic Boost  
  106  5:45  Zerg Ground Armor Level 1  
  116  6:03  Evolution Chamber  
  120  6:06  Extractor  
  126  6:14  Glial Reconstitution  
  130  6:26  Overseer  
  130  6:30  Zerg Missile Weapons Level 1  
  129  6:35  Infestation Pit  
  133  6:40  Hatchery  
  133  6:44  Ravager x4  
  163  7:34  Infestor x2  
  163  7:36  Hatchery  
  165  7:38  Hive  
  165  7:40  Baneling Nest  
  165  7:43  Zergling x14  
  173  7:51  Ravager, Zerg Ground Armor Level 2  
  180  8:16  Centrifugal Hooks  
  192  8:24  Zerg Melee Weapons Level 1  
  199  8:38  Baneling x8, Hatchery  
  200  8:59  Overseer  
  200  9:01  Spore Crawler  
  200  9:02  Viper  
  197  9:08  Burrow  
  201  9:29  Baneling x2  
Spawning Tool Build Advisor. Get it on Overwolf

Go to:

Details

  • Created by: momopeanut
  • Published on: Mar 10, 2024
  • Modified on: Mar 10, 2024
  • Patch: 5.0.11
  • Difficulty: Hard
Show
View Real Time Build Order
Export as new Build Order

Comments (0)

There are no comments. Be the first!

Create an account to comment!